 Dungeon Crawl Stone Soup version 0.22.0-6-g71bd7aa6b3 (webtiles) character file.

134 IceCat the Chiller (level 4, 0/24 HPs)
             Began as a Deep Elf Ice Elementalist on Aug 15, 2018.
             Killed from afar by an orc wizard (10 damage)
             ... with a magic dart
             ... on level 3 of the Dungeon.
             The game lasted 00:08:35 (2293 turns).

IceCat the Chiller (Deep Elf Ice Elementalist)      Turns: 2293, Time: 00:08:36

Health: 0/24       AC:  2    Str:  5    XL:     4   Next: 95%
Magic:  4/12       EV: 13    Int: 21    God:
Gold:   143        SH:  0    Dex: 15    Spells: 1/11 levels left

rFire    . . .     SeeInvis .   n - +0 dagger
rCold    . . .     Gourm    .   (no shield)
rNeg     . . .     Faith    .   a - +0 robe
rPois    .         Spirit   .   (no helmet)
rElec    .         Reflect  .   (no cloak)
rCorr    .         Harm     .   (no gloves)
MR       .....                  (no boots)
Stlth    ++........             (no amulet)
HPRegen  0.08/turn              (no ring)
MPRegen  0.13/turn              (no ring)

@: no status effects
A: no striking features
a: no special abilities


You were on level 3 of the Dungeon.
You were hungry.

You visited 1 branch of the dungeon, and saw 3 of its levels.

You collected 143 gold pieces.

Inventory:

Hand Weapons
 n - a +0 dagger (weapon)
Armour
 a - a +0 robe (worn)
Jewellery
 k - an uncursed amulet of the acrobat {unknown}
Scrolls
 b - 3 scrolls of identify {unknown}
 d - a scroll of amnesia {unknown}
 g - 3 scrolls of remove curse {unknown}
 i - 3 scrolls of enchant armour {unknown}
 l - a scroll of noise {unknown}
 o - a scroll of fog {unknown}
 p - 2 scrolls of teleportation {unknown}
 q - a scroll of magic mapping {unknown}
 r - a scroll of blinking {unknown}
 s - a scroll of immolation {unknown}
 t - a scroll of enchant weapon {unknown}
Potions
 e - a potion of flight {unknown}
 f - a potion of curing {unknown}
 h - 2 potions of might {unknown}
 m - 2 potions of lignification {unknown}
Comestibles
 c - 11 rations
 j - 7 chunks of flesh


   Skills:
 + Level 0.2 Short Blades
 + Level 2.6 Dodging
 + Level 2.8 Stealth
 * Level 4.2 Spellcasting
 * Level 2.4 Conjurations
 * Level 4.9 Ice Magic


You had one spell level left.
You knew the following spells:

 Your Spells              Type           Power        Failure   Level  Hunger
a - Freeze                Ice            ####         1%          1    None
b - Throw Frost           Conj/Ice       ###...       4%          2    #......
c - Throw Icicle          Conj/Ice       ###.....     26%         4    ####...
d - Ozocubu's Armour      Chrm/Ice       ##......     13%         3    ###....

Your spell library contained the following spells:

 Spells                   Type           Power        Failure   Level  Hunger
 Summon Ice Beast         Ice/Summ       ##......     38%         4    ####...


Dungeon Overview and Level Annotations

Branches:
Dungeon (3/15)

Altars:
Elyvilon
Fedhas
Trog
Yredelemnul


Message History

The orc wizard seems to speed up.
You hit the orc priest.
You kill the orc priest!
You see here 16 gold pieces.
The orc wizard casts a spell.
The orc wizard seems to speed up.
The orc wizard mumbles some strange words.
The orc wizard blinks!
The orc wizard casts a spell at you. The magic dart hits you!
The orc wizard casts a spell.
The orc wizard blinks!
You hit the orc wizard but do no damage.
The orc wizard barely misses you. x2
The orc wizard hits you but does no damage.
The orc hits you but does no damage.
The orc wizard hits you with a dagger. x2
The orc wizard gestures at you while chanting.
The magic dart hits you!
You die...

#)..†# #.##.# ###.##.#
#...##.# #.####.#### ####.#
#....# #....#######.#########
#.####............o.$.
#.#<<@.#####..#######.
###.#...oo......#######.
#........o.............o
#(#.#.#######.##########
#.#...........# #.....
#.......#####.# #.....
#######.##....# ### #.....
#...........#############.....
#.....(>.÷..............'.....


You could see 2 orc wizards and an orc.

Vanquished Creatures
  An orc priest (D:3)
  A hound skeleton (D:2)
  2 adders
  2 oozes
  4 dart slugs
  2 leopard geckos
  An orc (D:3)
  9 bats
  2 giant cockroaches (D:3)
  4 goblins
  6 hobgoblins
  4 jackals
  3 kobolds
  A ball python (D:2)
  7 frilled lizards
  3 rats (D:1)
52 creatures vanquished.

Notes
Turn   | Place    | Note
-------+----------+-------------------------------------------
     0 | D:1      | IceCat the Deep Elf Ice Elementalist began the quest for the Orb.
     0 | D:1      | Reached XP level 1. HP: 10/10 MP: 6/6
   251 | D:1      | Reached XP level 2. HP: 12/15 MP: 0/8
   255 | D:1      | Learned a level 2 spell: Throw Frost
  1039 | D:2      | Reached XP level 3. HP: 19/19 MP: 2/10
  1214 | D:2      | Found a blossoming altar of Fedhas.
  1274 | D:2      | Found a bloodstained altar of Trog.
  1499 | D:2      | Reached XP level 4. HP: 22/24 MP: 0/11
  1565 | D:2      | Found a white marble altar of Elyvilon.
  1627 | D:2      | Found a basalt altar of Yredelemnul.
  1942 | D:3      | Learned a level 4 spell: Throw Icicle
  1946 | D:3      | Learned a level 3 spell: Ozocubu's Armour
  2293 | D:3      | Killed from afar by an orc wizard

Skill      XL: |  1  2  3  4 |
---------------+-------------+-----
Ice Magic      | 4 |  4.9
Conjurations   | 2 |  2.4
Spellcasting   | 4 |  4.2
Short Blades   | |  0.2
Dodging        | |  2.6
Stealth        | |  2.8

Action                   |  1- 3 |  4- 6 || total
-------------------------+-------+-------++-------
Melee: Unarmed           |     1 |       ||     1
       Long sword        |     5 |       ||     5
       Dagger            |       |     6 ||     6
 Cast: Freeze            |    16 |     8 ||    24
       Throw Frost       |    34 |    29 ||    63
  Eat: Chunk             |     3 |     2 ||     5
Armor: Robe              |     6 |     1 ||     7
Dodge: Dodged            |    21 |     8 ||    29
       Rpst.: Long sword |     3 |       ||     3
